Construct Section Command Post
Selects Heavy Armor Battlegroup
Construct Platoon Command Post
Unlock Bishop Self-propelled Artillery
Construct Field Infirmary
Selects Rigorous Vehicle Training
Selects Light Vehicle Withdraw and Refit
Bishop Self-propelled Artillery
Construct Company Command Post
Light Vehicle Withdraw and Refit
Selects Forward Repair Assembly
Selects Churchill Black Prince Heavy Tank
Churchill Black Prince Heavy Tank